 Dungeon Crawl Stone Soup version 0.23.0-3-gf3c87f2 (webtiles) character file.

Game seed: 2580206080528560886

1469 Borgoz the Sneak (level 8, -10/67 HPs)
             Began as a Ghoul Enchanter on Feb 25, 2019.
             Was an Initiate of Ashenzari.
             Killed from afar by an orc wizard (12 damage)
             ... with a puff of flame
             ... on level 6 of the Dungeon.
             The game lasted 00:25:22 (8479 turns).

Borgoz the Sneak (Ghoul Enchanter)                  Turns: 8479, Time: 00:25:23

Health: -10/67     AC:  3    Str: 12      XL:     8   Next: 77%
Magic:  4/9        EV: 14    Int: 10      God:    Ashenzari [......]
Gold:   272        SH:  0    Dex:  3 (11) Spells: 7/10 levels left

rFire    . . .     SeeInvis .   a - +1 dagger
rCold    + . .     Gourm    .   (no shield)
rNeg     + + +     Faith    .   f - +0 leather armour
rPois    ∞         Spirit   .   (no helmet)
rElec    .         Reflect  .   (no cloak)
rCorr    +         Harm     .   (no gloves)
MR       .....                  (no boots)
Stlth    ++........             (no amulet)
HPRegen  0.00/turn              m - ring of resist corrosion
MPRegen  0.11/turn              q - +3 ring of evasion (curse)

@: very slightly contaminated, rotting
A: rotting body, claws 1, carnivore, cold resistance 1, negative energy
resistance 3, inhibited regeneration, torment resistance, unbreathing
a: Curse Item, Renounce Religion


You were on level 6 of the Dungeon.
You worshipped Ashenzari.
Ashenzari was noncommittal.
You were not hungry.

You visited 2 branches of the dungeon, and saw 7 of its levels.

You collected 272 gold pieces.

Inventory:

Hand Weapons
 a - a +1 dagger (weapon)
Missiles
 b - 4 curare-tipped needles
 e - a throwing net (quivered)
 k - 4 needles of frenzy
Armour
 f - a +0 leather armour (worn)
Jewellery
 m - a ring of resist corrosion (left claw)
 q - a cursed +3 ring of evasion (right claw)
 t - an uncursed amulet of regeneration
Wands
 r - a wand of acid (8)
 s - a wand of flame (8)
 u - a wand of polymorph (11)
 v - a wand of digging (9)
Scrolls
 c - 4 scrolls of enchant weapon {unknown}
 g - a scroll of noise {unknown}
 h - 6 scrolls of teleportation
 i - 2 scrolls of magic mapping {unknown}
 l - a scroll of enchant armour {unknown}
 n - 2 scrolls of immolation {unknown}
 p - a scroll of amnesia {unknown}
 y - a scroll of remove curse
Potions
 o - 2 potions of brilliance
 w - a potion of flight
 x - a potion of cancellation
 A - a potion of haste
 C - a potion of agility
Comestibles
 d - 6 rations


   Skills:
 + Level 4.4 Fighting
 * Level 4.8 Short Blades
 + Level 4.2 Dodging
 + Level 6.1 Stealth
 - Level 1.7 Spellcasting
 * Level 5.0 Hexes


You had 7 spell levels left.
You knew the following spells:

 Your Spells              Type           Power        Failure   Level  Hunger
a - Corona                Hex            ##.....      5%          1    ##.....
b - Ensorcelled Hibernat  Hex/Ice        #.....       22%         2    ###....

Your spell library contained the following spells:

 Spells                   Type           Power        Failure   Level  Hunger
 Confusing Touch          Hex            ##....       5%          1    ##.....
 Confuse                  Hex            ##......     16%         3    ####...
 Tukima's Dance           Hex            ##......     16%         3    ####...
 Dazzling Spray           Conj/Hex       #.....       41%         3    ####...
 Gell's Gravitas          Tloc           #.........   77%         3    ####...
 Petrify                  Tmut/Erth      #.......     99%         4    #####..
 Metabolic Englaciation   Hex/Ice        #.........   99%         5    ######.
 Yara's Violent Unravell  Hex/Tmut       #.........   99%         5    ######.


Dungeon Overview and Level Annotations

Branches:
Dungeon (6/15)             Temple (1/1) D:5

Altars:
Ashenzari
Cheibriados
Dithmenos
Elyvilon
Gozag
Hepliaklqana
Kikubaaqudgha
Makhleb
Nemelex Xobeh
Okawaru
Qazlal
Ru
Sif Muna
Trog
Uskayaw
Vehumet
Wu Jian
Xom
Yredelemnul
Zin
The Shining One

Shops:
D:5 (

Annotations:
D:6 3 runed translucent doors, lextramoth's ghost, novice VSAs


Innate Abilities, Weirdness & Mutations

Your body is rotting away.
You thrive on raw meat.
You are immune to poison.
You have sharp fingernails.
You are carnivorous and can eat meat at any time.
Your flesh is cold resistant. (rC+)
You are immune to negative energy. (rN+++)
You do not regenerate when monsters are visible.
You are immune to unholy pain and torment.
You can survive without breathing.


Message History

* * * LOW HITPOINT WARNING * * *
Okay, then.
Okay, then.
Okay, then.
Evoke which item? (* to show all) (? for menu, Esc to quit)
Okay, then.
You hit something but do no damage. You hit something but do no damage.
The orc barely misses you.
You hear some strange, mumbled words.
A puff of flame appears from out of thin air!
The puff of flame hits you.
* * * LOW HITPOINT WARNING * * *
You hit the orc but do no damage. Something closely misses you.
The orc hits you with a +0 hand axe.
* * * LOW HITPOINT WARNING * * *
You hit the orc but do no damage.
You hear some strange, mumbled words.
A puff of flame appears from out of thin air!
The puff of flame hits you!
You die...

#.#.......#..# #.
#....._.....# #.
###.......# #..
#.8...8.# #..
##.(...## ##..#
###.#### #....####
#.(..#### #o{..##
#........ ##@...#
##..).... #....##
##........
#.....###....#....
#..........######.
#.....(...##
#...#.....#
#....##....########
#..................
....................


You could see an orc.

Vanquished Creatures
  2 water moccasins (D:5)
  An ice beast (D:6)
  2 phantoms
  A sky beast (D:5)
  A centaur (D:6)
  2 bullfrogs (D:6)
  A scorpion (D:5)
  2 jellies (D:5)
  A crimson imp (D:5)
  A quasit (D:6)
  2 hounds
  2 orc priests (D:5)
  4 orc wizards
  A worker ant (D:4)
  4 gnolls
  5 adders
  A shadow imp (D:6)
  3 oozes
  An adder skeleton (D:6)
  2 worms
  4 dart slugs
  9 leopard geckos
  15 orcs
  5 bats
  7 giant cockroaches
  8 goblins
  12 hobgoblins
  13 jackals
  3 quokkas
  4 frilled lizards
  11 kobolds
  8 rats
138 creatures vanquished.

Notes
Turn   | Place    | Note
-------+----------+-------------------------------------------
     0 | D:1      | Borgoz the Ghoul Enchanter began the quest for the Orb.
     0 | D:1      | Reached XP level 1. HP: 14/14 MP: 2/2
    14 | D:1      | Reached skill level 1 in Short Blades
   215 | D:1      | Reached XP level 2. HP: 15/22 MP: 1/3
   489 | D:1      | Reached skill level 1 in Fighting
   650 | D:1      | Reached XP level 3. HP: 28/28 MP: 2/4
   657 | D:1      | Learned a level 2 spell: Ensorcelled Hibernation
  1047 | D:2      | Found an ancient bone altar of Kikubaaqudgha.
  1406 | D:2      | Reached XP level 4. HP: 30/34 MP: 3/5
  1569 | D:2      | Reached skill level 4 in Stealth
  1830 | D:2      | Found a sparkling altar of Nemelex Xobeh.
  2189 | D:3      | Reached XP level 5. HP: 26/41 MP: 4/6
  3244 | D:3      | Reached XP level 6. HP: 21/49 MP: 4/7
  4219 | D:4      | Noticed a phantom
  4268 | D:4      | Killed a phantom
  4870 | D:4      | Found a hide-covered altar of Uskayaw.
  5061 | D:5      | Entered Level 5 of the Dungeon
  5061 | D:5      | Noticed a water moccasin
  5099 | D:5      | Found a staircase to the Ecumenical Temple.
  5102 | D:5      | Reached skill level 5 in Stealth
  5102 | D:5      | Reached XP level 7. HP: 55/55 MP: 8/8
  5107 | Temple   | Entered the Ecumenical Temple
  5300 | Temple   | Became a worshipper of Ashenzari the Shackled
  5659 | D:5      | HP: 1/57 [something (2)]
  6628 | D:5      | Reached XP level 8. HP: 58/65 MP: 1/9
  6827 | D:5      | Found Reyneet's Antique Weapon Emporium.
  7972 | D:6      | Found a runed translucent gate.
  7972 | D:6      | Found a runed translucent gate.
  8024 | D:6      | Noticed lextramoth's ghost (novice VSAs)
  8048 | D:6      | Found a runed translucent gate.
  8204 | D:6      | Reached skill level 6 in Stealth
  8316 | D:6      | Found an opulent altar of Gozag.
  8466 | D:6      | Reached skill level 5 in Hexes
  8478 | D:6      | HP: 2/67 [orc/+0 hand axe (3)]
  8479 | D:6      | Killed from afar by an orc wizard

Skill      XL: |  1  2  3  4  5  6  7  8 |
---------------+-------------------------+-----
Short Blades   | 1 2 3 4 |  4.8
Dodging        | 2 3 4 |  4.2
Fighting       | 1 2 3 4 |  4.4
Stealth        | 4 5 6 |  6.1
Hexes          | 3 4 5 |  5.0
Spellcasting   | |  1.7

Action                   |  1- 3 |  4- 6 |  7- 9 || total
-------------------------+-------+-------+-------++-------
Melee: Dagger            |   142 |   374 |   330 ||   846
 Cast: Corona            |    24 |    61 |    35 ||   120
       Ensorcelled Hiber |       |     6 |    31 ||    37
Invok: Curse Item        |       |       |     1 ||     1
Evoke: Wand              |       |       |     2 ||     2
  Use: Scroll            |       |     4 |     1 ||     5
       Potion            |       |     4 |    12 ||    16
 Stab: Sleeping          |     2 |    14 |    16 ||    32
       Invisible         |       |       |     1 ||     1
  Eat: Chunk             |    15 |    36 |    31 ||    82
Armor: Leather armour    |    29 |    81 |    72 ||   182
Dodge: Dodged            |    93 |   231 |   323 ||   647
